Map: Processo Galáctico ER

Players

HocEstBellum

  • Race: Protoss Protoss
  • League: Diamond

Dedinho - Winner!

  • Race: Zerg Zerg
  • League: Diamond

VOD

Have the link to the VOD?

Description

Time

  • Played on: Sept. 15, 2016, 4:40 p.m.
  • Length: 20:37
Show
View Real Time Build Order
Export as new Build Order

HocEstBellum Protoss 

Build Orders: 1 Gate Expand, Phoenix Opening 

Get SALT Encoding   

  12  0:01  Probe (Chrono Boost)  
  13  0:12  Probe (Chrono Boost)  
  14  0:18  Pylon  
  14  0:22  Probe (Chrono Boost)  
  15  0:36  Probe (Chrono Boost)  
  15  0:38  Gateway  
  16  0:46  Probe (Chrono Boost)  
  17  1:11  Nexus  
  17  1:14  Assimilator  
  17  1:19  Assimilator  
  17  1:30  Cybernetics Core  
  18  1:32  Probe (Chrono Boost)  
  18  1:44  Probe (Chrono Boost)  
  18  1:46  Pylon  
  19  1:54  Zealot  
  19  2:00  Probe (Chrono Boost)  
  22  2:07  Warp Gate  
  22  2:12  Mothership Core (Chrono Boost)  
  24  2:24  Probe (Chrono Boost)  
  24  2:29  Adept  
  25  2:30  Probe (Chrono Boost)  
  25  2:35  Probe (Chrono Boost)  
  29  2:39  Pylon  
  29  2:43  Probe (Chrono Boost)  
  30  2:53  Probe (Chrono Boost)  
  30  2:54  Probe (Chrono Boost)  
  32  3:04  Probe x2 (Chrono Boost)  
  34  3:09  Stargate  
  34  3:15  Probe (Chrono Boost)  
  34  3:16  Probe (Chrono Boost)  
  36  3:25  Probe (Chrono Boost)  
  36  3:26  Probe (Chrono Boost)  
  36  3:27  Adept  
  40  3:32  Pylon  
  40  3:36  Probe (Chrono Boost)  
  40  3:37  Probe (Chrono Boost)  
  42  3:51  Robotics Facility, Phoenix  
  44  3:59  Probe (Chrono Boost)  
  44  4:01  Probe (Chrono Boost)  
  46  4:09  Probe (Chrono Boost)  
  47  4:11  Gateway  
  47  4:14  Gateway  
  48  4:17  Probe (Chrono Boost), Phoenix  
  48  4:19  Assimilator  
  48  4:20  Probe (Chrono Boost)  
  51  4:29  Probe (Chrono Boost)  
  52  4:32  Adept  
  52  4:33  Assimilator  
  54  4:39  Phoenix  
  54  4:42  Probe (Chrono Boost)  
  54  4:44  Probe (Chrono Boost)  
  59  4:52  Probe (Chrono Boost)  
  59  4:56  Observer  
  59  4:57  Probe (Chrono Boost)  
  61  5:03  Pylon  
  61  5:07  Nexus  
  61  5:17  Phoenix  
  61  5:20  Pylon  
  63  5:22  Pylon  
  63  5:24  Pylon  
  63  5:31  Probe (Chrono Boost)  
  63  5:35  Pylon  
  64  5:39  Phoenix, Observer  
  65  5:44  Robotics Bay  
  65  5:47  Twilight Council  
  67  6:00  Pylon  
  67  6:03  Probe (Chrono Boost)  
  69  6:05  Probe (Chrono Boost), Forge  
  69  6:07  Forge  
  69  6:14  Probe (Chrono Boost)  
  69  6:16  Blink  
  69  6:17  Probe (Chrono Boost)  
  71  6:24  Robotics Facility  
  72  6:26  Probe x2 (Chrono Boost)  
  72  6:28  Pylon  
  72  6:29  Probe (Chrono Boost)  
  74  6:36  Protoss Ground Weapons Level 1  
  74  6:37  Probe (Chrono Boost), Protoss Ground Armor Level 1  
  74  6:38  Probe (Chrono Boost)  
  74  6:39  Observer Gravitic Boosters  
  77  6:41  Probe (Chrono Boost)  
  77  6:49  Stalker  
  77  6:50  Probe (Chrono Boost), Stalker x2  
  77  6:51  Probe (Chrono Boost)  
  77  6:53  Probe (Chrono Boost)  
  86  6:58  Gateway  
  86  7:07  Gateway  
  86  7:10  Disruptor  
  86  7:11  Gateway, Disruptor  
  86  7:12  Gateway  
  94  7:23  Probe x2 (Chrono Boost)  
  94  7:32  Probe (Chrono Boost)  
  94  7:35  Photon Cannon  
  95  7:38  Photon Cannon  
  95  7:40  Photon Cannon  
  95  7:41  Photon Cannon  
  95  7:43  Pylon  
  96  7:45  Probe (Chrono Boost), Assimilator  
  96  7:50  Disruptor x2, Assimilator  
  102  8:06  Stalker x2  
  102  8:07  Stalker  
  108  8:27  Disruptor x2  
  108  8:29  Nexus  
  108  8:32  Pylon  
  114  8:35  Pylon  
  114  8:45  Stalker x3  
  114  8:46  Stalker x4  
  128  8:54  Photon Cannon x2  
  126  9:29  Stalker x5  
  126  9:30  Probe x2 (Chrono Boost), Stalker  
  140  9:32  Protoss Ground Weapons Level 2  
  140  9:33  Probe (Chrono Boost), Protoss Ground Armor Level 2  
  141  9:47  Templar Archives, Stalker  
  141  9:50  Assimilator  
  143  9:56  Assimilator  
  143  9:59  Stalker x2  
  147  10:00  Stalker x4  
  155  10:13  Resonating Glaives  
  143  10:39  Disruptor  
  143  10:40  Disruptor  
  127  10:55  High Templar x4  
  127  10:56  Stalker  
  137  11:10  Archon x2  
  137  11:14  Stalker  
  137  11:15  Observer x2, Stalker  
  143  11:32  Robotics Facility  
  143  11:34  Disruptor x2  
  149  11:54  Nexus  
  149  11:57  Pylon  
  149  11:59  Pylon  
  149  12:03  Pylon  
  149  12:04  Stalker  
  138  12:27  Disruptor x2  
  124  12:47  Photon Cannon x2  
  124  12:49  Photon Cannon  
  124  12:50  Photon Cannon  
  124  12:51  Probe x2 (Chrono Boost), Disruptor  
  126  12:55  Photon Cannon  
  129  13:05  Stalker x2  
  129  13:06  Stalker x3  
  129  13:07  Stalker x2  
  143  13:17  Assimilator  
  143  13:19  Protoss Ground Armor Level 3, Protoss Ground Weapons Level 3  
  143  13:20  Assimilator  
  143  13:22  Gateway  
  143  13:25  Disruptor  
  143  13:26  Gateway  
  143  13:28  Disruptor  
  143  13:30  Gateway, Disruptor  
  143  13:32  Gateway  
  152  13:42  Stargate  
  152  13:44  Stargate  
  152  13:47  Stargate x2, Fleet Beacon  
  150  14:06  Disruptor  
  156  14:13  Observer  
  156  14:14  Observer  
  154  14:40  Stalker x2  
  158  14:50  Protoss Air Weapons Level 1  
  156  15:24  Tempest x3  
  164  15:34  Tempest  
  142  16:07  Tempest x2  
  142  16:08  Tempest  
  145  16:35  Void Ray  
  133  16:41  Void Ray  
  109  17:09  Tempest  
  109  17:10  Tempest  
  109  17:15  Tempest  
Show
View Real Time Build Order
Export as new Build Order

Dedinho Zerg - Winner!

Build Orders: 3 Hatch before Pool, Lurkers 

Get SALT Encoding   

  12  0:01  Drone  
  13  0:09  Drone  
  14  0:17  Overlord  
  14  0:27  Drone, Extractor  
  15  0:36  Drone x2  
  17  0:56  Hatchery  
  16  0:58  Drone  
  17  1:05  Drone  
  17  1:11  Drone  
  19  1:17  Drone  
  20  1:34  Drone, Hatchery  
  20  1:40  Overlord  
  20  1:51  Spawning Pool  
  20  1:54  Extractor  
  18  1:55  Drone  
  18  2:01  Drone  
  20  2:09  Drone  
  21  2:21  Drone  
  22  2:26  Drone x2  
  24  2:39  Queen x2  
  28  2:48  Hatchery  
  27  3:00  Drone x5  
  32  3:07  Metabolic Boost  
  32  3:17  Queen  
  34  3:24  Drone  
  34  3:25  Drone x3  
  38  3:29  Extractor  
  37  3:34  Queen  
  37  3:35  Overlord  
  39  3:45  Lair  
  39  3:49  Drone x3  
  42  4:07  Drone x9  
  51  4:17  Evolution Chamber  
  51  4:19  Evolution Chamber  
  51  4:20  Baneling Nest  
  48  4:28  Spore Crawler  
  48  4:30  Spore Crawler x2  
  45  4:41  Drone  
  45  4:42  Drone x2  
  45  4:45  Overlord x2  
  48  5:00  Overlord x2  
  48  5:01  Overlord  
  48  5:12  Extractor  
  48  5:13  Extractor  
  46  5:15  Hydralisk Den  
  46  5:16  Drone  
  46  5:17  Drone  
  46  5:18  Drone x9  
  56  5:28  Queen x2  
  56  5:29  Queen  
  62  5:44  Drone x10  
  62  5:45  Drone  
  73  5:50  Drone  
  73  5:51  Queen  
  73  5:54  Zerg Missile Weapons Level 1  
  76  5:58  Zerg Ground Armor Level 1  
  76  6:13  Overlord x2  
  76  6:14  Overlord x2  
  76  6:17  Overseer  
  76  6:31  Extractor  
  76  6:32  Drone x4, Extractor  
  78  6:33  Drone x4  
  78  6:34  Drone  
  78  6:35  Drone x2  
  78  6:37  Hydralisk x5  
  78  6:38  Hydralisk  
  97  6:41  Lurker Den  
  97  7:01  Overlord x4  
  97  7:20  Hydralisk x5  
  97  7:21  Hydralisk x5  
  117  7:27  Hatchery  
  113  7:33  Drone x3  
  116  7:53  Hydralisk x6  
  116  7:56  Overlord  
  116  7:57  Overlord x4  
  128  7:59  Zerg Missile Weapons Level 2  
  128  8:00  Zerg Ground Armor Level 2  
  128  8:17  Lurker x3  
  128  8:18  Lurker  
  132  8:21  Zergling x20  
  132  8:22  Zergling x8  
  144  8:44  Hydralisk x9  
  162  8:57  Extractor  
  162  8:59  Extractor  
  158  9:30  Muscular Augments  
  140  9:43  Overlord x4  
  140  9:47  Overseer  
  140  9:48  Overseer  
  140  9:55  Drone x9  
  140  9:58  Hydralisk x12  
  173  10:20  Infestation Pit  
  172  10:30  Hatchery  
  129  10:48  Hatchery  
  129  10:49  Hydralisk x4  
  127  10:50  Hydralisk x19  
  173  10:59  Hive  
  173  11:12  Drone  
  173  11:13  Drone x8  
  173  11:17  Lurker x2  
  173  11:18  Lurker  
  185  11:29  Spire  
  147  12:35  Overlord x2  
  147  12:50  Corruptor  
  147  12:51  Corruptor x6  
  149  12:54  Greater Spire  
  149  12:57  Pathogen Glands  
  161  13:01  Extractor x2  
  161  13:02  Hydralisk x12  
  161  13:03  Hydralisk x5  
  184  14:17  Brood Lord x2  
  184  14:18  Brood Lord x5  
  184  14:20  Hydralisk x7  
  200  14:37  Hydralisk x7  
  176  15:40  Lurker x3  
  176  15:41  Lurker x3  
  176  15:42  Lurker x5  
  188  15:43  Lurker x3  
  188  15:44  Corruptor x5  
  180  16:24  Corruptor x11  
  189  16:47  Corruptor x5  
  189  17:11  Corruptor x4  
  189  17:12  Corruptor  
  195  18:08  Zerg Flyer Weapons Level 1  
Tags
 
Add a new tag
Caveats
  • Supply blocks, unpowered buildings, or Contaminate may cause inaccurate times.
  • Supply counts are checked every 10 seconds.